 Dungeon Crawl Stone Soup version 0.16-a0-4113-g7d8e295 (webtiles) character file.

67 Antondotnet the Magician (level 3, -3/19 HPs)
             Began as a Deep Elf Wizard on Mar 1, 2015.
             Engulfed by a cloud of flame (22 damage)
             ... on level 2 of the Dungeon.
             The game lasted 00:05:42 (1582 turns).

Antondotnet the Magician (Deep Elf Wizard)          Turns: 1582, Time: 00:05:42

Health: -3/19      AC:  3    Str:  4    XL:     3   Next: 98%
Magic:  9/14       EV: 13    Int: 23    God:
Gold:   102        SH:  0    Dex: 13    Spells: 5 memorised, 2 levels left

rFire  . . .     SeeInvis .     (no weapon)
rCold  . . .     Clarity  .     a - +0 robe
rNeg   . . .     SustAb   .     (no shield)
rPois  .         Gourm    .     b - +0 hat
rElec  .         Spirit   .     (no cloak)
rCorr  .         Warding  .     i - +0 pair of gloves
rMut   .         Stasis   .     (no boots)
MR     .....                    (no amulet)
Stlth  ++........               (no ring)
                                (no ring)

@: not resistant to hostile enchantments, unstealthy
A: no striking features
a: no special abilities


You were on level 2 of the Dungeon.
You were not hungry.

You visited 1 branch of the dungeon, and saw 2 of its levels.

You collected 102 gold pieces.

Inventory:

Armour
 a - a +0 robe (worn)
 b - a +0 hat (worn)
 i - a +0 pair of gloves (worn)
Scrolls
 e - a scroll of noise {unknown}
 h - 3 scrolls of magic mapping {unknown}
 j - 3 scrolls of enchant weapon {unknown}
 k - a scroll of fog {unknown}
 l - a scroll of enchant armour {unknown}
 o - a scroll of teleportation {unknown}
 p - 3 scrolls of remove curse {unknown}
 q - 2 scrolls of identify {unknown}
Potions
 f - a potion of ambrosia {unknown}
 g - a potion of might {unknown}
 m - a potion of brilliance {unknown}
 n - a potion of degeneration {unknown}
Books
 c - a book of Minor Magic

   Spells                             Type                      Level
   a - Magic Dart                     Conjuration                  1
   b - Blink                          Translocation                2
   c - Call Imp                       Summoning                    2
   d - Repel Missiles                 Charms/Air                   2
   e - Slow                           Hexes                        2
   f - Conjure Flame                  Conjuration/Fire             3
   g - Mephitic Cloud                 Conjuration/Poison/Air       3
Comestibles
 d - 2 bread rations


   Skills:
 + Level 2.8 Dodging
 + Level 2.9 Stealth
 + Level 5.7 Spellcasting
 + Level 2.2 Conjurations
   Level 1.1 Summonings
 + Level 1.1 Translocations


You had 2 spell levels left.
You knew the following spells:

 Your Spells              Type           Power        Failure   Level  Hunger
a - Magic Dart            Conj           ###.         3%          1    None
b - Blink                 Tloc           N/A          10%         2    None
c - Slow                  Hex            #.......     17%         2    None
d - Conjure Flame         Conj/Fire      ##......     17%         3    #......
e - Mephitic Cloud        Conj/Pois/Air  ##......     21%         3    #......


Dungeon Overview and Level Annotations

Branches:
Dungeon (2/15)

Altars:
Vehumet


Message History

Aiming: Magic Dart
Press: ? - help, Shift-Dir - straight line, f/p - adder
Aim: an adder (heavily wounded)
The magic dart hits the adder.
The adder is severely wounded.
Casting: Magic Dart
Confirm with . or Enter, or press ? or * to list all spells.
Aiming: Magic Dart
Press: ? - help, Shift-Dir - straight line, f/p - adder
Aim: an adder (severely wounded)
The magic dart hits the adder.
You kill the adder!
Found a radiant altar of Vehumet.
Found a grey potion.
Really walk into a travel-excluded area?
A rat comes into view.
Really walk into that cloud of flame?
You are engulfed in roaring flames.
Ouch! That really hurt!
You die...

. . .. .. .# ...
#######.# # #....
.......#.# ###.(.. .
########.§...#.#
#....... ..
........§§§...#
......... ###.###...#
#.._...# #......#
.).....)..# #!§§@§#
#....... ##...#....#
#.....# ### #.......
#...#....####...#.....#
#......
#...................#.
#....#.
###..#.###########.#.#
#....#. .....#..#
....... #....##
###.##..##....
..r....###.###
...............
.......(†....
###.###.##....
....#.#..##


You could see a rat (sleeping).

Vanquished Creatures
  2 adders (D:2)
  A worm (D:2)
  2 giant geckos
  An ooze (D:1)
  3 bats
  3 giant cockroaches
  2 goblins (D:1)
  6 hobgoblins
  3 jackals (D:2)
  7 kobolds
  A quokka (D:2)
  2 giant newts
  6 rats
39 creatures vanquished.

Notes
Turn   | Place    | Note
--------------------------------------------------------------
     0 | D:1      | Antondotnet, the Deep Elf Wizard, began the quest for the Orb.
     0 | D:1      | Reached XP level 1. HP: 10/10 MP: 6/6
   243 | D:1      | Reached skill level 5 in Spellcasting
   243 | D:1      | Reached XP level 2. HP: 15/15 MP: 6/11
   480 | D:1      | Learned a level 2 spell: Blink
   483 | D:1      | Learned a level 2 spell: Slow
   943 | D:2      | Reached XP level 3. HP: 19/19 MP: 6/14
  1104 | D:2      | Learned a level 3 spell: Conjure Flame
  1108 | D:2      | Learned a level 3 spell: Mephitic Cloud
  1577 | D:2      | Found a radiant altar of Vehumet.
  1582 | D:2      | Engulfed by a cloud of flame

Action                   || total
-------------------------++-------
 Cast: Magic Dart        ||   104
  Eat: Pizza             ||     1
